 Dungeon Crawl Stone Soup version 0.31.0-32-g396128a36d (webtiles) character file.

Game seed: 9094566548468511756

555 lonewolfV2 the Chopper (level 7, -3/58 HPs)
             Began as a Formicid Fighter on Mar 11, 2024.
             Slain by an ogre
             ... wielding a +0 giant club
              (16 damage)
             ... on level 4 of the Dungeon.
             The game lasted 00:05:24 (3202 turns).

lonewolfV2 the Chopper (Formicid Fighter)           Turns: 3202, Time: 00:05:25

Health: -3/58      AC:  8    Str: 21    XL:     7   Next: 55%
Magic:  7/7        EV:  9    Int:  7    God:
Gold:   103        SH: 10    Dex: 15    Spells: 6/6 levels left

rFire   . . .        a - +0 war axe
rCold   . . .        c - +0 buckler
rNeg    . . .        b - +0 scale mail
rPois   .            (helmet unavailable)
rElec   .            (no cloak)
rCorr   .            d - +0 pair of gloves
SInv    +            (no boots)
Will    .....        h - amulet of reflection Stlth
                     (no ring)
HPRegen 0.29/turn    (no ring)
MPRegen 0.10/turn

%: reflection
@: no status effects
A: permanent stasis, dig shafts and tunnels, antennae 3, four strong arms
a: Dig, Shaft Self


You were on level 4 of the Dungeon.
You visited 1 branch of the dungeon, and saw 4 of its levels.

You collected 103 gold pieces.

Inventory:

Hand Weapons
 a - a +0 war axe (weapon)
Armour
 b - a +0 scale mail (worn)
 c - a +0 buckler (worn)
 d - a +0 pair of gloves (worn)
Jewellery
 e - an amulet of magic regeneration
 h - an amulet of reflection (around neck)
Scrolls
 g - a scroll of revelation
Potions
 f - a potion of enlightenment {unknown}
 i - a potion of resistance {unknown}


   Skills:
 + Level 6.1 Fighting
 + Level 6.2 Axes
 - Level 3.2 Armour
 - Level 4.0 Shields


You had 6 spell levels left.
You didn't know any spells.
Your spell library was empty.

Dungeon Overview and Level Annotations

Branches:
Dungeon (4/15)
 Temple: D:4-7

Altars:

Shops:
D:1 (


Innate Abilities, Weirdness & Mutations

You cannot be hasted, slowed, berserked, paralysed or teleported.
You can dig through walls and to a lower floor.
You have a pair of large antennae on your head. (SInv)
Your four strong arms can wield two-handed weapons with a shield.


Message History

The giant cockroach is moderately wounded.
You block the giant cockroach's attack. The giant cockroach barely misses you.
A giant cockroach is nearby!
You closely miss the giant cockroach.
The giant cockroach is moderately wounded.
You block the giant cockroach's attack.
You slash the giant cockroach!
You kill the giant cockroach!
Found a stone staircase leading down.
A hobgoblin comes into view.
The hobgoblin shouts!
A giant cockroach comes into view.
There are monsters nearby!
There are monsters nearby!
The giant cockroach waves its antennae.
An ogre comes into view. It is wielding a +0 giant club.
Found a robe.
Found a stone staircase leading down.
The giant cockroach falls through a shaft!
The shaft crumbles and collapses.
You block the hobgoblin's attack.
You hit the hobgoblin.
The hobgoblin is almost dead.
The hobgoblin closely misses you.
You slash the hobgoblin!
You kill the hobgoblin!
You hit the ogre.
The ogre is lightly wounded.
The ogre barely misses you.
You closely miss the ogre.
The ogre is lightly wounded.
The ogre hits you with a +0 giant club!!
Ouch! That really hurt!
You slash the ogre!
The ogre is moderately wounded.
The ogre hits you with a +0 giant club!
* * * LOW HITPOINT WARNING * * *
You barely miss the ogre.
The ogre is moderately wounded.
The ogre hits you with a +0 giant club!
You die...

## #[## #...## #.....#
################.....>.
###............@O..>.....
#.....############.......
#.#.### #.....# #.#.##
...... ##..<.# ..###
....†.# .... ##....# ####
###.#############
#.##...........


You could see an ogre.

Vanquished Creatures
  Grinder (D:3)
  An ogre (D:4)
  2 orc priests (D:3)
  7 adders
  7 gnolls
  3 ribbon worms (D:3)
  9 orcs (D:3)
  5 bats
  6 endoplasms
  A giant cockroach (D:4)
  8 hobgoblins
  2 jackals (D:3)
  3 kobolds
  2 quokkas
  8 ball pythons
  4 frilled lizards
  8 goblins
  9 rats
86 creatures vanquished.

Notes
Turn   | Place    | Note
-------+----------+-------------------------------------------
     0 | D:1      | lonewolfV2 the Formicid Fighter began the quest for the
                  | Orb.
     0 | D:1      | Reached XP level 1. HP: 18/18 MP: 1/1
    53 | D:1      | Reached XP level 2. HP: 22/24 MP: 2/2
    91 | D:1      | Found Hopson's Antique Weapon Shoppe.
   282 | D:1      | Found a faded altar of an unknown god.
   304 | D:1      | Reached XP level 3. HP: 28/30 MP: 3/3
   666 | D:2      | Reached XP level 4. HP: 31/37 MP: 4/4
  1050 | D:2      | Reached XP level 5. HP: 40/43 MP: 5/5
  1465 | D:3      | Noticed Grinder
  1484 | D:3      | Killed Grinder
  1485 | D:3      | Reached skill level 5 in Fighting
  1485 | D:3      | Reached skill level 5 in Axes
  1485 | D:3      | Reached XP level 6. HP: 15/51 MP: 6/6
  1810 | D:3      | Reached XP level 7. HP: 32/56 MP: 7/7
  3202 | D:4      | Slain by an ogre

Illustrated notes

Levels and vault maps discovered:
D:1:      dpeg_arrival_solitude, layout_rooms, serial_shops,
          nicolae_shop_tiny_glass, ebering_ecumenical_altar_mist,
          nicolae_houndstooth_variations
D:2:      layout_rooms, minmay_domino_2
D:3:      layout_loops_ring, minivault_26, nicolae_elevator_lobby_asterisk,
          uniq_grinder
D:4:      layout_loops_ring, jmf_multi_god_temple2, uniq_blork_the_orc,
          uniq_eustachio, uniq_sigmund

Skill      XL: |  1  2  3  4  5  6  7 |
---------------+----------------------+-----
Axes           | 3 4 5 6 |  6.2
Fighting       | 4 5 6 |  6.1
Armour         | |  3.2
Shields        | |  4.0

Action                     |  1- 3 |  4- 6 |  7- 9 || total
---------------------------+-------+-------+-------++-------
  Melee: War axe           |    77 |   105 |    84 ||   266
    Use: Scroll            |     1 |       |     1 ||     2
         Potion            |       |     1 |       ||     1
 Armour: Scale mail        |    54 |    79 |    50 ||   183
  Dodge: Dodged            |    48 |    56 |    42 ||   146
  Block: Buckler           |    26 |    28 |    38 ||    92
         Reflection        |       |       |     2 ||     2
